TOP OF THE 1ST |
BlackIron Dragons batting - Pitching for West Virginia Power : RHP Miguel Cardoza
|
Pitching: RHP Miguel Cardoza
|
|
Batting: RHB Joaquín Valenzuela
|
0-0: Ground out 6-3 (Groundball, 6)
|
Batting: SHB David Boyle
|
0-0: Foul Ball, location: 2F 0-1: Ball 1-1: Swinging Strike 1-2: Hit by Pitch
|
Batting: LHB José Martínez
|
0-0: Ball 1-0: Called Strike 1-1: Foul Ball, location: 2F 1-2: SINGLE (Line Drive, 89M) David Boyle to second Runner from 2nd tries for 3rd, SAFE, throw made to third
|
Batting: RHB Foster Hapgood
|
0-0: Ball 1-0: Ball 2-0: Ball 3-0: Called Strike 3-1: Base on Balls José Martínez to second
|
Batting: LHB Jeff Thompson
|
0-0: Grounds into double play, 6-4-3 (Groundball, 6)
|
Top of the 1st over - 0 runs, 1 hit, 0 errors, 2 left on base; BlackIron 0 - West Virginia 0 |
BOTTOM OF THE 1ST |
West Virginia Power batting - Pitching for BlackIron Dragons : RHP Eddie Huber
|
Pitching: RHP Eddie Huber
|
|
Batting: RHB Iván Romero
|
0-0: Ball 1-0: Foul Ball, location: 2F 1-1: SINGLE (Groundball, 56D)
|
Batting: LHB Ángel Figueiedo
|
0-0: Ball Throwing error on steal attempt, E2 Iván Romero to third 1-0: Ball 2-0: SINGLE (Line Drive, 6D) Iván Romero scores
|
Batting: LHB William Donnelly
|
0-0: Called Strike 0-1: Swinging Strike 0-2: Strikes out swinging
|
Batting: RHB Joe Salas
|
0-0: Ball 1-0: SINGLE (Line Drive, 9S) Ángel Figueiedo to second
|
Batting: RHB Millard Walker
|
0-0: Foul Ball, location: 2F 0-1: Ball 1-1: Called Strike 1-2: Strikes out swinging
|
Batting: RHB Joaquín Vásquez
|
0-0: Ball 1-0: SINGLE (Groundball, 34D) Ángel Figueiedo to third Joe Salas to second Runner from 3rd tries for Home, throw and OUT!
|
Bottom of the 1st over - 1 run, 4 hits, 1 error, 2 left on base; BlackIron 0 - West Virginia 1 |
TOP OF THE 2ND |
BlackIron Dragons batting - Pitching for West Virginia Power : RHP Miguel Cardoza
|
Batting: RHB Jimmy King
|
0-0: Called Strike 0-1: Ground out 5-3 (Groundball, 56S)
|
Batting: RHB Randall Walker
|
0-0: Called Strike 0-1: Ball 1-1: Swinging Strike 1-2: Strikes out swinging
|
Batting: RHB Millard Long
|
0-0: Foul Ball, location: 2F 0-1: Ball 1-1: Foul Ball, location: 2F 1-2: Ball 2-2: Ball 3-2: Foul Ball, location: 2F 3-2: Foul Ball, location: 2F 3-2: Fly out, F8 (Flyball, 8LXD)
|
Top of the 2nd over - 0 runs, 0 hits, 0 errors, 0 left on base; BlackIron 0 - West Virginia 1 |
BOTTOM OF THE 2ND |
West Virginia Power batting - Pitching for BlackIron Dragons : RHP Eddie Huber
|
Batting: RHB Matt Tucker
|
0-0: Called Strike 0-1: Swinging Strike 0-2: Ball 1-2: Ball 2-2: DOUBLE (Line Drive, 7LM)
|
Batting: RHB Emory Brooks
|
0-0: Ground out 5-3 (Groundball, 56S) Matt Tucker to third
|
Batting: RHB Andrew Pinto
|
0-0: SINGLE (Groundball, 56D) Matt Tucker scores
|
Batting: RHB Iván Romero
|
0-0: Ball 1-0: Ball 2-0: Ball 3-0: Called Strike 3-1: Foul Ball, location: 2F 3-2: Strikes out swinging
|
Batting: LHB Ángel Figueiedo
|
0-0: Ball 1-0: Ball 2-0: Reached on error, E4 (Groundball, 4S) Andrew Pinto to third
|
Batting: LHB William Donnelly
|
0-0: Called Strike 0-1: Ball 1-1: Ball 2-1: Called Strike 2-2: Foul Ball, location: 2F 2-2: Ball 3-2: 3-RUN HOME RUN (Flyball, 9D), Distance : 358 ft
|
Batting: RHB Joe Salas
|
0-0: Ball 1-0: Foul Ball, location: 2F 1-1: SINGLE (Groundball, 4MD)
|
Batting: RHB Millard Walker
|
0-0: Ball 1-0: Ball 2-0: Foul Ball, location: 2F 2-1: Ball 3-1: Fly out, F9 (Flyball, 89D)
|
Bottom of the 2nd over - 4 runs, 4 hits, 1 error, 1 left on base; BlackIron 0 - West Virginia 5 |
TOP OF THE 3RD |
BlackIron Dragons batting - Pitching for West Virginia Power : RHP Miguel Cardoza
|
Batting: RHB Júlio Rodríguez
|
0-0: Called Strike 0-1: SINGLE (Line Drive, 6MD)
|
Batting: RHB Joaquín Valenzuela
|
0-0: Ball 1-0: Ball 2-0: Called Strike 2-1: Called Strike 2-2: Strikes out swinging
|
Batting: SHB David Boyle
|
0-0: Ball 1-0: Called Strike 1-1: Ball 2-1: Foul Ball, location: 2F 2-2: Foul Ball, location: 2F 2-2: Ball 3-2: Foul Ball, location: 2F 3-2: Single, Error in OF, E8, batter to second base Júlio Rodríguez to third
|
Batting: LHB José Martínez
|
0-0: Called Strike 0-1: Called Strike 0-2: SINGLE (Groundball, 56D) Júlio Rodríguez scores David Boyle to third Runner from 3rd tries for Home, SAFE, no throw
|
Batting: RHB Foster Hapgood
|
0-0: Ball 1-0: Ball 2-0: Ball 3-0: Called Strike 3-1: DOUBLE (Line Drive, 9LD) José Martínez to third
|
Batting: LHB Jeff Thompson
|
0-0: Ball Wild Pitch! José Martínez scores Foster Hapgood to third 1-0: Called Strike 1-1: Ground out 4-3 (Groundball, 4) Foster Hapgood scores
|
Batting: RHB Jimmy King
|
0-0: Ball 1-0: Swinging Strike 1-1: Foul Ball, location: 2F 1-2: Ground out 5-3 (Groundball, 5)
|
Top of the 3rd over - 4 runs, 4 hits, 1 error, 0 left on base; BlackIron 4 - West Virginia 5 |
BOTTOM OF THE 3RD |
West Virginia Power batting - Pitching for BlackIron Dragons : RHP Eddie Huber
|
Batting: RHB Joaquín Vásquez
|
0-0: Ball 1-0: Ground out 5-3 (Groundball, 56S)
|
Batting: RHB Matt Tucker
|
0-0: Called Strike 0-1: Ball 1-1: Called Strike 1-2: Foul Ball, location: 2F 1-2: Ball 2-2: Ball 3-2: Ground out 5-3 (Groundball, 5)
|
Batting: RHB Emory Brooks
|
0-0: Ball 1-0: Called Strike 1-1: Ball 2-1: Foul Ball, location: 2F 2-2: Ball 3-2: Reached on error, E6 (Groundball, 6)
|
Batting: RHB Andrew Pinto
|
0-0: Ball 1-0: Fly out, F5 (Popup, 5SF)
|
Bottom of the 3rd over - 0 runs, 0 hits, 1 error, 1 left on base; BlackIron 4 - West Virginia 5 |
TOP OF THE 4TH |
BlackIron Dragons batting - Pitching for West Virginia Power : RHP Miguel Cardoza
|
Batting: RHB Randall Walker
|
0-0: Ball 1-0: SINGLE (Flyball, 89S)
|
Batting: RHB Millard Long
|
0-0: Fly out, F7 (Flyball, 7LM)
|
Batting: RHB Júlio Rodríguez
|
0-0: Ball 1-0: Called Strike Randall Walker is caught stealing 2nd base 1-1: Swinging Strike 1-2: Foul Ball, location: 2F 1-2: Ground out 6-3 (Groundball, 6)
|
Top of the 4th over - 0 runs, 1 hit, 0 errors, 0 left on base; BlackIron 4 - West Virginia 5 |
BOTTOM OF THE 4TH |
West Virginia Power batting - Pitching for BlackIron Dragons : RHP Eddie Huber
|
Batting: RHB Iván Romero
|
0-0: Ball 1-0: Ball 2-0: Ball 3-0: Base on Balls
|
Batting: LHB Ángel Figueiedo
|
0-0: SINGLE (Groundball, 34D) Iván Romero to second Runner from 2nd tries for 3rd, SAFE, no throw
|
Batting: LHB William Donnelly
|
0-0: Foul Ball, location: 2F 0-1: Ball 1-1: Ball 2-1: Foul Ball, location: 2F 2-2: Strikes out swinging
|
Batting: RHB Joe Salas
|
0-0: Foul Ball, location: 2F 0-1: Foul Ball, location: 2F 0-2: Ball 1-2: Foul Ball, location: 2F 1-2: Fly out, F7 (Flyball, 78M) Runner from 3rd tags up, SCORES, no throw
|
Batting: RHB Millard Walker
|
0-0: Ball 1-0: Called Strike 1-1: SINGLE (Flyball, 9LM) Ángel Figueiedo to second Runner from 2nd tries for 3rd, SAFE, no throw
|
Batting: RHB Joaquín Vásquez
|
0-0: Called Strike 0-1: Ball 1-1: Ground out 4-3 (Groundball, 4)
|
Bottom of the 4th over - 1 run, 2 hits, 0 errors, 2 left on base; BlackIron 4 - West Virginia 6 |
TOP OF THE 5TH |
BlackIron Dragons batting - Pitching for West Virginia Power : RHP Miguel Cardoza
|
Batting: RHB Joaquín Valenzuela
|
0-0: Ball 1-0: Ball 2-0: Called Strike 2-1: Ball 3-1: Fly out, F3 (Popup, 3S)
|
Batting: SHB David Boyle
|
0-0: Foul Ball, location: 2F 0-1: Swinging Strike 0-2: Foul Ball, location: 2F 0-2: Ball 1-2: Ball 2-2: SINGLE (Line Drive, 9S)
|
Batting: LHB José Martínez
|
0-0: Foul Ball, location: 2F 0-1: Ball David Boyle steals 2nd base 1-1: Ball 2-1: Called Strike 2-2: Ball 3-2: Foul Ball, location: 2F 3-2: Ground out 3-1 (Groundball, 34S) David Boyle to third
|
Batting: RHB Foster Hapgood
|
0-0: Called Strike 0-1: Ball 1-1: Ball 2-1: Swinging Strike 2-2: Ground out 4-3 (Groundball, 4)
|
Top of the 5th over - 0 runs, 1 hit, 0 errors, 1 left on base; BlackIron 4 - West Virginia 6 |
BOTTOM OF THE 5TH |
West Virginia Power batting - Pitching for BlackIron Dragons : RHP Eddie Huber
|
Batting: RHB Matt Tucker
|
0-0: Foul Ball, location: 2F 0-1: Foul Ball, location: 2F 0-2: SINGLE (Groundball, 4MD)
|
Batting: RHB Emory Brooks
|
0-0: Called Strike 0-1: Foul Ball, location: 2F 0-2: Strikes out swinging
|
Batting: RHB Andrew Pinto
|
0-0: Called Strike 0-1: Ball 1-1: Ball 2-1: Fielders Choice at 2nd, 6-4 (Groundball, 6)
|
Batting: RHB Iván Romero
|
0-0: Ball 1-0: Fly out, F5 (Popup, 6S)
|
Bottom of the 5th over - 0 runs, 1 hit, 0 errors, 1 left on base; BlackIron 4 - West Virginia 6 |
TOP OF THE 6TH |
BlackIron Dragons batting - Pitching for West Virginia Power : RHP Miguel Cardoza
|
Batting: LHB Jeff Thompson
|
0-0: Called Strike 0-1: Called Strike 0-2: DOUBLE (Line Drive, 9LM)
|
Batting: RHB Jimmy King
|
0-0: Called Strike 0-1: Called Strike 0-2: Ball 1-2: Ground out U3 (Groundball, 34S) Jeff Thompson to third
|
Batting: RHB Randall Walker
|
0-0: Ball 1-0: Called Strike 1-1: Fly out, F8 (Flyball, 8RD) Runner from 3rd tags up, SCORES, throw made
|
Pitching: RHP James Waddell
|
|
Batting: RHB Millard Long
|
0-0: Ball 1-0: Ball 2-0: Called Strike 2-1: Swinging Strike 2-2: Ball 3-2: Fly out, F8 (Flyball, 8RM)
|
Top of the 6th over - 1 run, 1 hit, 0 errors, 0 left on base; BlackIron 5 - West Virginia 6 |
BOTTOM OF THE 6TH |
West Virginia Power batting - Pitching for BlackIron Dragons : RHP Eddie Huber
|
Pitching: RHP Kieron Lahyani
|
|
Batting: LHB Ángel Figueiedo
|
0-0: Ball 1-0: SINGLE (Groundball, 4S) (infield hit)
|
Batting: LHB William Donnelly
|
0-0: Ball 1-0: Swinging Strike 1-1: Ball 2-1: Called Strike 2-2: Ball 3-2: Grounds into double play, 3-6-3 (Groundball, 3)
|
Batting: RHB Joe Salas
|
0-0: Called Strike 0-1: Called Strike 0-2: Foul Ball, location: 2F 0-2: SOLO HOME RUN (Line Drive, 7LD), Distance : 335 ft
|
Batting: RHB Millard Walker
|
0-0: Called Strike 0-1: Swinging Strike 0-2: Foul Ball, location: 2F 0-2: Ball 1-2: Ball 2-2: Ball 3-2: Strikes out swinging, 2-3 out at first.
|
Bottom of the 6th over - 1 run, 2 hits, 0 errors, 0 left on base; BlackIron 5 - West Virginia 7 |
TOP OF THE 7TH |
BlackIron Dragons batting - Pitching for West Virginia Power : RHP James Waddell
|
Batting: RHB Júlio Rodríguez
|
0-0: Called Strike 0-1: SOLO HOME RUN (Flyball, 7LD), Distance : 334 ft
|
Batting: RHB Joaquín Valenzuela
|
0-0: Swinging Strike 0-1: Called Strike 0-2: Foul Ball, location: 2F 0-2: Ball 1-2: Ball 2-2: Strikes out swinging
|
Batting: SHB David Boyle
|
0-0: Ball 1-0: Ball 2-0: Fly out, F4 (Popup, 4MD)
|
Batting: LHB José Martínez
|
0-0: Ball 1-0: Called Strike 1-1: Foul Ball, location: 2F 1-2: Foul Ball, location: 2F 1-2: Ground out 4-3 (Groundball, 4)
|
Top of the 7th over - 1 run, 1 hit, 0 errors, 0 left on base; BlackIron 6 - West Virginia 7 |
BOTTOM OF THE 7TH |
West Virginia Power batting - Pitching for BlackIron Dragons : RHP Kieron Lahyani
|
Batting: RHB Joaquín Vásquez
|
0-0: Called Strike 0-1: Foul Ball, location: 2F 0-2: Foul Ball, location: 2F 0-2: Strikes out looking
|
Batting: RHB Matt Tucker
|
0-0: Ground out U3 (Groundball, 34S)
|
Batting: RHB Emory Brooks
|
0-0: Ball 1-0: Ball 2-0: Called Strike 2-1: Swinging Strike 2-2: Strikes out looking
|
Bottom of the 7th over - 0 runs, 0 hits, 0 errors, 0 left on base; BlackIron 6 - West Virginia 7 |
TOP OF THE 8TH |
BlackIron Dragons batting - Pitching for West Virginia Power : RHP James Waddell
|
Batting: RHB Foster Hapgood
|
0-0: Ball 1-0: Called Strike 1-1: Foul Ball, location: 2F 1-2: SINGLE (Flyball, 89S)
|
Batting: LHB Jeff Thompson
|
0-0: Ball 1-0: Ball 2-0: Ball 3-0: Base on Balls Foster Hapgood to second
|
Batting: RHB Jimmy King
|
0-0: Ball 1-0: Foul Ball, location: 2F 1-1: Ball 2-1: Reached on error, E9 (Flyball, 89M) Foster Hapgood to third Jeff Thompson to second
|
Pinch Hitting: LHB Giovannino Arduino
|
0-0: Ball 1-0: Ball 2-0: Ball 3-0: Called Strike 3-1: Foul Ball, location: 2F 3-2: SINGLE (Line Drive, 5D) Foster Hapgood scores Jeff Thompson to third Jimmy King to second
|
Batting: RHB Millard Long
|
0-0: Called Strike 0-1: Ball 1-1: SINGLE (Flyball, 9LS) Jeff Thompson scores Jimmy King to third Giovannino Arduino to second Runner from 3rd tries for Home, SAFE, throw made at trailing runner, OUT at third!
|
Pitching: RHP António Zapata
|
|
Batting: RHB Júlio Rodríguez
|
0-0: Ball 1-0: Foul Ball, location: 2F 1-1: Ball 2-1: Ball 3-1: Grounds into double play, 6-4-3 (Groundball, 6)
|
Top of the 8th over - 3 runs, 3 hits, 1 error, 0 left on base; BlackIron 9 - West Virginia 7 |
BOTTOM OF THE 8TH |
West Virginia Power batting - Pitching for BlackIron Dragons : RHP Kieron Lahyani
|
Now at C: Luis Méndez
|
|
Now in RF: Giovannino Arduino
|
|
Batting: RHB Andrew Pinto
|
0-0: Called Strike 0-1: Foul Ball, location: 2F 0-2: Foul Ball, location: 2F 0-2: SINGLE (Flyball, 9S)
|
Batting: RHB Iván Romero
|
0-0: Called Strike 0-1: Swinging Strike 0-2: Strikes out swinging
|
Pitching: LHP Nick Walters
|
|
Batting: LHB Ángel Figueiedo
|
0-0: Called Strike 0-1: Ball 1-1: Ball 2-1: Foul Ball, location: 2F 2-2: Foul Ball, location: 2F 2-2: Strikes out swinging
|
Batting: LHB William Donnelly
|
0-0: Called Strike 0-1: Foul Ball, location: 2F 0-2: Ball 1-2: Ball 2-2: SINGLE (Groundball, 6D) Andrew Pinto to second
|
Pitching: RHP António Molina
|
|
Batting: RHB Joe Salas
|
0-0: Ball 1-0: Ball 2-0: Ball 3-0: Called Strike 3-1: Foul Ball, location: 2F 3-2: Base on Balls Andrew Pinto to third William Donnelly to second
|
Batting: RHB Millard Walker
|
0-0: Ball 1-0: Fielders Choice at 2nd, 6-4 (Groundball, 6)
|
Bottom of the 8th over - 0 runs, 2 hits, 0 errors, 3 left on base; BlackIron 9 - West Virginia 7 |
TOP OF THE 9TH |
BlackIron Dragons batting - Pitching for West Virginia Power : RHP António Zapata
|
Batting: RHB Joaquín Valenzuela
|
0-0: Called Strike 0-1: Ball 1-1: Ball 2-1: Ball 3-1: Base on Balls
|
Batting: SHB David Boyle
|
0-0: Called Strike 0-1: Bunt missed! 0-2: SINGLE (Line Drive, 7S) Joaquín Valenzuela to second
|
Pitching: LHP José Leyva
|
|
Batting: LHB José Martínez
|
0-0: Ball 1-0: Ball 2-0: Called Strike 2-1: Foul Ball, location: 2F 2-2: Ball 3-2: Foul Ball, location: 2F 3-2: Grounds into double play, 3-6-1 (Groundball, 3) Joaquín Valenzuela to third
|
Batting: RHB Foster Hapgood
|
0-0: Ball 1-0: Ground out 6-3 (Groundball, 6S)
|
Top of the 9th over - 0 runs, 1 hit, 0 errors, 1 left on base; BlackIron 9 - West Virginia 7 |
BOTTOM OF THE 9TH |
West Virginia Power batting - Pitching for BlackIron Dragons : RHP António Molina
|
Pitching: RHP Juan Carlos Guerrero
|
|
Now at 1B: Roderick Silva
|
|
Batting: RHB Joaquín Vásquez
|
0-0: Ground out 6-3 (Groundball, 56)
|
Batting: RHB Matt Tucker
|
0-0: Ball 1-0: Called Strike 1-1: Ball 2-1: Foul Ball, location: 2F 2-2: Ground out U3 (Groundball, 3)
|
Batting: RHB Emory Brooks
|
0-0: Called Strike 0-1: Swinging Strike 0-2: Strikes out looking
|
Bottom of the 9th over - 0 runs, 0 hits, 0 errors, 0 left on base; BlackIron 9 - West Virginia 7 |
|